 Dungeon Crawl Stone Soup version 0.29.1-15-g9cfb28693d (webtiles) character file.

Game seed: 17464234248958364363

42 H0rd4k the Charlatan (level 3, -1/24 HPs)
             Began as an Octopode Artificer on Mar 2, 2023.
             Slain by a worm (10 damage)
             ... on level 2 of the Dungeon.
             The game lasted 00:01:33 (1702 turns).

H0rd4k the Charlatan (Octopode Artificer)           Turns: 1702, Time: 00:01:34

Health: -1/24      AC:  1    Str: 11    XL:     3   Next: 56%
Magic:  5/5        EV: 13    Int: 15    God:
Gold:   82         SH:  0    Dex: 12    Spells: 5/5 levels left

rFire   . . .      SeeInvis .     - Unarmed
rCold   . . .      Faith    .   (no shield)
rNeg    . . .      Spirit   .   (helmet restricted)
rPois   .          Reflect  .   (no amulet)
rElec   .          Harm     .   (no ring)
rCorr   .          Rampage  .   (no ring)
Will    .....                   (no ring)
Stlth   +++.......              (no ring)
HPRegen 0.08/turn               (no ring)
MPRegen 0.09/turn               (no ring)
                                (no ring)
                                (no ring)

@: no status effects
A: almost no armour, amphibious, 8 rings, camouflage 1, gelatinous body 1,
(nimble swimmer 1), tentacles
a: no special abilities


You were on level 2 of the Dungeon.
You visited 1 branch of the dungeon, and saw 2 of its levels.

You collected 82 gold pieces.

Inventory:

Missiles
 m - 3 datura-tipped darts
Jewellery
 e - an amulet of regeneration
Wands
 b - a wand of flame (15) (quivered)
 c - a wand of charming (15)
 d - a wand of iceblast (5)
Scrolls
 f - a scroll of fear {unknown}
 g - a scroll of poison {unknown}
 h - 3 scrolls of identify {unknown}
 l - a scroll of noise {unknown}
Potions
 a - 2 potions of resistance {unknown}
 i - a potion of might {unknown}
 j - a potion of curing {unknown}
 k - a potion of lignification {unknown}


   Skills:
 * Level 2.2 Fighting
 - Level 2.3 Dodging
 - Level 1.3 Stealth
 + Level 1.0 Unarmed Combat
 * Level 1.6 Spellcasting
 - Level 3.2 Evocations


You had 5 spell levels left.
You didn't know any spells.
Your spell library was empty.

Dungeon Overview and Level Annotations

Branches:
Dungeon (2/15)

Altars:


Innate Abilities, Weirdness & Mutations

You cannot wear most types of armour.
You are amphibious.
You can wear up to eight rings at the same time.
Your skin changes colour to match your surroundings (Stealth+).
Your rubbery body absorbs attacks. (AC +1, EV +1)
((You are camouflaged when in or above water. (Stealth+)))
You have tentacles for arms and can constrict up to eight enemies at once.


Message History

The quokka barely misses you.
You tentacle-slap the quokka but do no damage.
The quokka is heavily wounded.
You constrict the quokka. The quokka misses you. x2
You tentacle-slap the quokka.
You kill the quokka!
You see here a +2 whip of venom.
A jackal comes into view.
A jackal is nearby!
A jackal is nearby!
A worm comes into view.
A jackal comes into view.
The helpless jackal fails to defend itself.
You tentacle-slap the jackal but do no damage.
Your grab misses the jackal. The jackal closely misses you.
You barely miss the jackal. Your grab misses the jackal. The jackal bites you.
The jackal misses you.
You closely miss the jackal. You grab the jackal. You squeeze the jackal.
The jackal is severely wounded.
You constrict the jackal. The jackal bites you.
You tentacle-slap the jackal.
You kill the jackal!
The worm bites you!
Ouch! That really hurt!
You tentacle-slap the worm. You grab the worm.
The worm is lightly wounded.
You constrict the worm. The worm misses you.
You completely miss the worm.
The worm is lightly wounded.
You constrict the worm. You tentacle-slap the worm.
Your squeeze misses the worm.
The worm is moderately wounded.
You constrict the worm. The worm barely misses you.
You tentacle-slap the worm. You squeeze the worm.
The worm is severely wounded.
You constrict the worm. You tentacle-slap the worm.
The worm is severely wounded.
You constrict the worm. The worm bites you!
You die...

#..# #..## #.#####...##
#..h.......##.##
#######......... #..####.#
#.......# ##w###### #@# #.# #.#
#.# #.# ### ##### #.###.######
#...#######.##.#.##..
#####.............###.#.#
#........#####...#.#.##.#######


You could see a worm.

Vanquished Creatures
  A worm (D:2)
  A dart slug (D:1)
  2 endoplasms
  A giant cockroach (D:1)
  3 goblins (D:1)
  5 hobgoblins (D:1)
  A jackal (D:2)
  4 kobolds
  2 quokkas
  4 ball pythons
  6 bats (D:1)
  3 frilled lizards
  2 rats (D:1)
35 creatures vanquished.

Notes
Turn   | Place    | Note
-------+----------+-------------------------------------------
     0 | D:1      | H0rd4k the Octopode Artificer began the quest for the Orb.
     0 | D:1      | Reached XP level 1. HP: 13/13 MP: 1/1
   208 | D:1      | Reached XP level 2. HP: 11/18 MP: 1/3
   226 | D:1      | Reached skill level 1 in Spellcasting
   945 | D:1      | Reached XP level 3. HP: 22/24 MP: 5/5
  1541 | D:2      | Reached skill level 1 in Unarmed Combat
  1702 | D:2      | Slain by a worm

Illustrated notes

Levels and vault maps discovered:
D:1:      elethiomel_arrival_shortcut, layout_loops_ring
D:2:      layout_loops_corners, dreamdust_ecumenical_altar_statues

Skill      XL: |  1  2  3 |
---------------+----------+-----
Spellcasting   | 1 |  1.6
Fighting       | 2 |  2.2
Unarmed Combat | 1 |  1.0
Dodging        | |  2.3
Stealth        | |  1.3
Evocations     | |  3.2

Action                   || total
-------------------------++-------
Melee: Unarmed           ||    91
       Constrict         ||    25
       Tentacles         ||    15
       Punch             ||     2
 Stab: Sleeping          ||    13
Armor: Skin              ||     4
Dodge: Dodged            ||    57
